 Dungeon Crawl Stone Soup version 0.30.0-30-g96aa6591b8 (webtiles) character file.

Game seed: 9670953206214332013

499 Pepete the Ruffian (level 6, -4/91 HPs)
             Began as a Troll Berserker on June 28, 2023.
             Was a Believer of Trog.
             Slain by an ogre
             ... wielding a +0 giant spiked club
              (26 damage)
             ... on level 4 of the Dungeon.
             The game lasted 00:05:04 (3398 turns).

Pepete the Ruffian (Troll Berserker)                Turns: 3398, Time: 00:05:05

Health: -4/91      AC:  5    Str: 31    XL:     6   Next: 94%
Magic:  5/5        EV: 10    Int:  5    God:    Trog [**....]
Gold:   209        SH:  0    Dex:  9    Spells: 5/5 levels left

rFire   . .          .
                       - Unarmed
rCold   . . .        (no shield)
rNeg    + . .        a - +1 animal skin
rPois   +            (helmet restricted)
rElec   .            (no cloak)
rCorr   .            (gloves unavailable)
SInv    .            (boots unavailable)
Will    .....        (no amulet) Stlth
                     g - ring of poison resistance
HPRegen 1.15/turn    f - ring "Otwuasch" {Fly rN+ Str+3 Int+2 Slay+4}
MPRegen 0.09/turn

%: no passive effects
@: mighty, berserking, flying, very quick
A: large, unfitting armour, claws 3, regeneration 1, shaggy fur 1, tough skin 1
a: Renounce Religion, Berserk, Trog's Hand


You were on level 4 of the Dungeon.
You worshipped Trog.
Trog was pleased with you.
You visited 1 branch of the dungeon, and saw 4 of its levels.

You collected 209 gold pieces.

Inventory:

Missiles
 b - a throwing net (quivered)
Armour
 a - a +1 animal skin (worn)
Jewellery
 f - the ring "Otwuasch" (right claw) {Fly rN+ Str+3 Int+2 Slay+4}
   (You acquired it on level 2 of the Dungeon)

   [ring of slaying]

   Str:       It affects your strength (+3).
   Int:       It affects your intelligence (+2).
   Slay:      It affects your accuracy & damage with ranged weapons and melee
   (+4).
   rN:        It protects you from negative energy.
   Fly:       It grants you flight.
 g - a ring of poison resistance (left claw)
 m - the ring "Ecziecimp" {Drain +Blink Will+ Int+9 Dex+2}
   (You found it on level 2 of the Dungeon)

   [ring of willpower]

   Int:       It affects your intelligence (+9).
   Dex:       It affects your dexterity (+2).
   +Blink:    It lets you blink.
   Drain:     It drains your maximum health when unequipped.
   Will:      It increases your willpower.
Scrolls
 c - a scroll of teleportation
 d - a scroll of silence
 n - 2 scrolls of immolation
 o - a scroll of blinking
 p - 2 scrolls of identify
 q - a scroll of poison
 r - 2 scrolls of amnesia
Potions
 e - a potion of cancellation {unknown}


   Skills:
 * Level 3.2 Fighting
 * Level 1.8 Armour
 * Level 3.7 Dodging
 + Level 0.3 Stealth
 * Level 5.9 Unarmed Combat


You had 5 spell levels left.
You didn't know any spells.
Your spell library was empty.

Dungeon Overview and Level Annotations

Branches:
Dungeon (4/15)
 Temple: D:4-7

Altars:
Gozag
Xom
The Shining One

Annotations:
D:3 3 runed translucent doors, LustLizard's ghost, amateur GrEE


Innate Abilities, Weirdness & Mutations

You are too large for most types of armour.
You have claws for hands.
Your natural rate of healing is unusually fast.
You are covered in fur. (AC +1)
You have tough skin. (AC +1)


Message History

You start resting.
HP restored.
You start waiting.
Your skin stops crawling.
You feel less strong-willed.
You start waiting.
You feel yourself speed up.
You start waiting.
You recover from your berserk rage.
You start waiting.
Done waiting.
You start waiting.
Done waiting.
Things that are here:
a +0 dagger; a +0 robe; the elf skeleton of Dowan You now have 190 gold pieces (gained 19).
You now have 209 gold pieces (gained 19).
Things that are here:
a +0 dagger; a +0 robe; the elf skeleton of Dowan Key pressed, stopping explore.
Found an escape hatch in the ceiling.
An ogre comes into view. It is wielding a +0 giant spiked club.
The ogre shouts!
A goblin comes into view. It is wielding a +0 long sword.
There are monsters nearby!
There are monsters nearby!
You see here a +1 whip of freezing.
You scratch the ogre.
The ogre is lightly wounded.
The ogre hits you with a +0 giant spiked club!!
You barely miss the ogre.
The ogre is lightly wounded.
The ogre hits you with a +0 giant spiked club!!
* * * LOW HITPOINT WARNING * * *
You feel very mighty all of a sudden. The goblin barely misses you.
A red film seems to cover your vision as you go berserk!
You feel yourself moving faster!
You feel mighty! The goblin closely misses you.
The ogre hits you with a +0 giant spiked club!!
You die...

######........#....#
#.............#
##...........##
#..........###
#............#
##...........#
#..#........#
#..##).....##
##..#@......#
##.gO....###
##......# #.......#
#....##..# #.....
#.. ......# ..
.......


You could see an ogre and a goblin.

Vanquished Creatures
  Eustachio (D:4)
  Duvessa (D:4)
  A black bear (D:3)
  Dowan (D:4)
  4 adders
  A worm (D:2)
  A dart slug (D:3)
  2 orcs (D:4)
  10 ball pythons
  6 endoplasms
  5 giant cockroaches
  6 goblins
  10 hobgoblins
  4 jackals (D:2)
  11 kobolds
  3 quokkas
  7 bats
  3 frilled lizards (D:2)
  7 rats
84 creatures vanquished.

Notes
Turn   | Place    | Note
-------+----------+-------------------------------------------
     0 | D:1      | Pepete the Troll Berserker began the quest for the Orb.
     0 | D:1      | Reached XP level 1. HP: 22/22 MP: 0/0
    94 | D:1      | Reached XP level 2. HP: 29/29 MP: 1/1
   320 | D:1      | Reached XP level 3. HP: 36/36 MP: 2/2
   623 | D:2      | Reached ** piety under Trog
  1444 | D:2      | Found a faded altar of an unknown god.
  1553 | D:2      | Identified the ring "Ecziecimp" {Drain +Blink Will+ Int+9
                  | Dex+2}
  1598 | D:2      | Reached XP level 4. HP: 44/44 MP: 3/3
  1836 | D:2      | Identified a scroll of acquirement
  1836 | D:2      | Acquired the ring "Otwuasch" {Fly rN+ Str+3 Int+2 Slay+4}
  1948 | D:3      | Noticed a black bear
  1956 | D:3      | Killed a black bear
  1957 | D:3      | Reached skill level 1 in Armour
  1957 | D:3      | Reached skill level 4 in Unarmed Combat
  1957 | D:3      | Reached XP level 5. HP: 47/52 MP: 4/4
  1979 | D:3      | Found a runed translucent gate.
  1979 | D:3      | Found a runed translucent gate.
  1979 | D:3      | Found a runed translucent gate.
  1981 | D:3      | Found an opulent altar of Gozag.
  1985 | D:3      | Noticed LustLizard's ghost (amateur GrEE)
  2197 | D:3      | Found a glowing golden altar of the Shining One.
  2208 | D:3      | Found a shimmering altar of Xom.
  2823 | D:4      | Noticed Eustachio
  2834 | D:4      | Killed Eustachio
  2835 | D:4      | Reached skill level 5 in Unarmed Combat
  2835 | D:4      | Reached XP level 6. HP: 57/61 MP: 5/5
  2906 | D:4      | Found the +7 Throatcutter {drain, coup de grace}
  2943 | D:4      | Noticed Duvessa
  2944 | D:4      | Noticed Dowan
  2954 | D:4      | Killed Duvessa
  2958 | D:4      | Killed Dowan
  3398 | D:4      | Slain by an ogre

Illustrated notes

Levels and vault maps discovered:
D:1:      heliophobic_arrival_enchanted_forest, layout_basic
D:2:      layout_basic, basic_ecumenical_altar, serial_bayou_pond_d,
          kennysheep_potato
D:3:      layout_basic, mainiacjoe_overflow_big_doors, ebering_ghost_gozag
D:4:      layout_layer_cave, minmay_temple_entry_nine_rooms,
          gammafunk_ghost_cemetery, minmay_misc_feat_tower, uniq_duvessa,
          uniq_eustachio

Skill      XL: |  1  2  3  4  5 |
---------------+----------------+-----
Dodging        | 3 |  3.7
Armour         | 1 |  1.8
Unarmed Combat | 4 5 |  5.9
Fighting       | 3 |  3.2
Stealth        | |  0.3

Action                     |  1- 3 |  4- 6 || total
---------------------------+-------+-------++-------
  Melee: Unarmed           |   114 |    69 ||   183
         Punch             |     2 |       ||     2
 Invoke: Berserk           |       |     3 ||     3
         Trog's Hand       |       |     2 ||     2
    Use: Scroll            |       |    11 ||    11
         Potion            |       |     6 ||     6
   Stab: Sleeping          |       |     1 ||     1
 Armour: Animal skin       |    35 |    24 ||    59
  Dodge: Dodged            |    62 |    39 ||   101
